 Dungeon Crawl Stone Soup version 0.18.1-8-gdd0e5ea (webtiles) character file.

945 georgeearnest the Ruffian (level 7, 0/70 HPs)
             Began as a Troll Monk on June 5, 2016.
             Was a Believer of Pakellas.
             Slain by an orc wizard
             ... wielding a +0 dagger
              (4 damage)
             ... on level 6 of the Dungeon.
             The game lasted 00:09:51 (3907 turns).

georgeearnest the Ruffian (Troll Monk)              Turns: 3907, Time: 00:09:51

Health: 0/70       AC:  7    Str: 24    XL:     7   Next: 89%
Magic:  6/6        EV: 12    Int:  6    God:    Pakellas [**....]
Gold:   325        SH:  0    Dex: 14    Spells: 0 memorised, 6 levels left

rFire  . . .     SeeInvis .       - Unarmed
rCold  . . .     Gourm    +     a - +0 robe
rNeg   . . .     Faith    .     (no shield)
rPois  .         Spirit   .     (helmet restricted)
rElec  .         Dismiss  .     (no cloak)
rCorr  .         Reflect  .     (gloves unavailable)
SustAt .         Harm     .     (boots unavailable)
MR     .....                    (no amulet)
Stlth  ++........               t - +4 ring of strength
                                i - +2 ring of protection

@: not resistant to hostile enchantments, unstealthy
A: unfitting armour, claws 3, fast metabolism 3, gourmand, regeneration 2,
shaggy fur 1, tough skin 2
a: Quick Charge, Renounce Religion


You were on level 6 of the Dungeon.
You worshipped Pakellas.
Pakellas was pleased with you.
You were not hungry.

You visited 1 branch of the dungeon, and saw 6 of its levels.

You collected 325 gold pieces.

Inventory:

Hand Weapons
 y - the +6 Majin-Bo {vamp, Archmagi MP+6 Int+6}
   (You found it on level 5 of the Dungeon)

   It inflicts no extra harm, but heals its wielder somewhat when it strikes a
   living foe.
   It affects your intelligence (+6).
   It affects your magic capacity (+6).
Armour
 a - a +0 robe (worn)
Jewellery
 i - a +2 ring of protection (left claw)
 j - a +4 ring of strength
 t - a +4 ring of strength (right claw)
Wands
 w - a wand of polymorph (7/24)
Scrolls
 d - a scroll of recharging {unknown}
 f - 8 scrolls of remove curse {unknown}
 h - 2 scrolls of teleportation {unknown}
 k - a scroll of enchant armour {unknown}
 n - 2 scrolls of random uselessness {unknown}
 q - 4 scrolls of identify {unknown}
 r - 5 scrolls of immolation {unknown}
 u - 2 scrolls of noise {unknown}
 z - a scroll of enchant weapon {unknown}
 B - 3 scrolls of fear {unknown}
Potions
 c - a potion of experience {unknown}
 e - 2 potions of lignification
 l - 2 potions of ambrosia
 p - a potion of brilliance {unknown}
 s - 2 potions of flight {unknown}
 v - a potion of might {unknown}
 A - a potion of haste {unknown}
 C - a potion of invisibility {unknown}
Miscellaneous
 x - a box of beasts {used: 1}
Comestibles
 b - 5 bread rations
 g - 5 meat rations
 m - a beef jerky


   Skills:
 + Level 4.0 Fighting
 + Level 5.3 Dodging
 + Level 2.3 Stealth
 + Level 6.4 Unarmed Combat


You had 6 spell levels left.
You didn't know any spells.

Dungeon Overview and Level Annotations

Branches:
Dungeon (6/15)
 Temple: D:4-7

Altars:
Fedhas
Pakellas
Qazlal


Innate Abilities, Weirdness & Mutations

You are too large for most types of armour.
You have claws for hands.
Your metabolism is lightning-fast.
You like to eat raw meat.
You heal very quickly.
You are covered in fur (AC +1).
You have very tough skin (AC +2).


Message History

Things that are here:
a mace; a chain mail You feel sick.
You feel sick.
The orc wizard mumbles some strange words.
The orc wizard blinks!
You feel sick.
The orc wizard gestures wildly while chanting.
The orc wizard blinks!
The orc wizard points at you and mumbles some strange words.
The magic dart hits you!
You feel sick.
You are no longer poisoned.
The orc wizard hits you with a dagger.
* * * LOW HITPOINT WARNING * * *
You barely miss the orc wizard.
The orc wizard is heavily wounded.
The orc wizard hits you with a dagger.
You die...
Pakellas says: Back to the drawing board!

#.#.# #......#
#...# ######.#
#.#.# #.# #...#
#.# #.#.# #.#
#...##.# #.##
#.####.# #...
...#######..#.#.#
###.
..........@.>)#.#
#.
#..########o###.#
#) #...##.# #.
###......### #.
............# #.
#.........#)# #.
#.###.#####.# #.
... #.#
#.########. ##
#.# #..........


You could see an orc wizard.

Vanquished Creatures
  An ogre (D:4)
  A giant frog (D:6)
  A howler monkey (D:6)
  A crimson imp (D:6)
  2 giant frog zombies
  2 hounds
  An orc priest (D:6)
  A centaur skeleton (D:5)
  A jelly (D:5)
  5 orc wizards
  A gnoll shaman (D:6)
  An iguana (D:6)
  A giant frog skeleton (D:4)
  2 worker ants
  A hound zombie (D:6)
  A worker ant zombie (D:5)
  4 gnolls (D:6)
  8 adders
  An ooze (D:2)
  2 worms
  3 dart slugs
  3 giant geckos
  13 orcs
  2 giant cockroaches
  9 goblins
  5 hobgoblins
  3 jackals (D:2)
  7 kobolds
  2 quokkas (D:4)
  3 ball pythons
  7 bats
  3 giant newts
  A jackal skeleton (D:4)
  9 rats
108 creatures vanquished.

Vanquished Creatures (others)
  A wolf spider (D:4)
1 creature vanquished.

Grand Total: 109 creatures vanquished

Notes
Turn   | Place    | Note
--------------------------------------------------------------
     0 | D:1      | georgeearnest the Troll Monk began the quest for the Orb.
     0 | D:1      | Reached XP level 1. HP: 22/22 MP: 0/0
   238 | D:1      | Reached XP level 2. HP: 29/29 MP: 1/1
   791 | D:2      | Reached XP level 3. HP: 36/36 MP: 2/2
   986 | D:2      | Reached XP level 4. HP: 44/44 MP: 3/3
  1728 | D:3      | Reached skill level 5 in Unarmed Combat
  1728 | D:3      | Reached XP level 5. HP: 52/52 MP: 4/4
  2438 | D:4      | Reached XP level 6. HP: 61/61 MP: 5/5
  2622 | D:4      | Found an oddly glowing altar of Pakellas.
  2624 | D:4      | Noticed a wolf spider
  2636 | D:4      | Killed a wolf spider
  2711 | D:4      | Became a worshipper of Pakellas the Inventive
  2711 | D:4      | Reached * piety under Pakellas
  2711 | D:4      | Received a gift from Pakellas
  2711 | D:4      | Reached ** piety under Pakellas
  2711 | D:4      | Received a gift from Pakellas
  2736 | D:5      | Entered Level 5 of the Dungeon
  2766 | D:5      | Found a blossoming altar of Fedhas.
  2910 | D:5      | Reached skill level 6 in Unarmed Combat
  2910 | D:5      | Reached XP level 7. HP: 67/68 MP: 6/6
  3320 | D:5      | Found a stormy altar of Qazlal.
  3321 | D:5      | Noticed a water elemental
  3321 | D:5      | Noticed an air elemental
  3321 | D:5      | Noticed a fire elemental
  3775 | D:6      | Reached skill level 5 in Dodging
  3884 | D:6      | HP: 3/68 [orc warrior/mace (11)]
  3890 | D:6      | HP: 3/70 [poisoned by a worker ant]
  3906 | D:6      | HP: 3/70 [orc wizard/dagger (6)]
  3907 | D:6      | Slain by an orc wizard

Skill      XL: |  1  2  3  4  5  6  7 |
---------------+----------------------+-----
Dodging        | 3 4 5 |  5.3
Unarmed Combat | 5 6 |  6.4
Fighting       | 3 4 |  4.0
Stealth        | 2 |  2.3

Action                   |  1- 3 |  4- 6 |  7- 9 || total
-------------------------+-------+-------+-------++-------
Melee: Unarmed           |    57 |   176 |    61 ||   294
       Punch             |     2 |     1 |     1 ||     4
Evoke: Wand              |       |       |     2 ||     2
       Box of beasts     |       |       |     1 ||     1
  Use: Potion            |       |     4 |     2 ||     6
 Stab: Sleeping          |     3 |     1 |     2 ||     6
  Eat: Chunk             |    10 |    19 |     6 ||    35
       Beef jerky        |       |       |     1 ||     1
Armor: Robe              |    22 |    73 |    14 ||   109
       Skin              |       |    71 |       ||    71
Dodge: Dodged            |    29 |    96 |    25 ||   150
